 Dungeon Crawl Stone Soup version 0.19-b1-4-gd8a0a2a (webtiles) character file.

224 vev the Ducker (level 5, -1/40 HPs)
             Began as a Mummy Enchanter on Oct 30, 2016.
             Slain by an adder (2 damage)
             ... in a sewer.
             The game lasted 00:04:33 (3452 turns).

vev the Ducker (Mummy Enchanter)                    Turns: 3452, Time: 00:04:33

Health: -1/40      AC:  6    Str: 11    XL:     5   Next: 67%
Magic:  7/8        EV:  8    Int: 14    God:
Gold:   67         SH:  0    Dex: 14    Spells: 1 memorised, 7 levels left

rFire  x . .     SeeInvis .     i - +4 dagger (speed)
rCold  + . .     Gourm    .     g - +0 ring mail
rNeg   + + +     Faith    .     (no shield)
rPois  ∞         Spirit   .     (no helmet)
rElec  .         Reflect  .     f - +0 cloak
rCorr  .         Harm     .     (no gloves)
MR     .....                    (no boots)
Stlth  ++........               (no amulet)
                                (no ring)
                                j - ring of stealth

@: constricted
A: no food or potions, fire vulnerability, cold resistance 1, negative energy
resistance 3, torment resistance, unbreathing
a: no special abilities


You were in a sewer.
You were not hungry.

You visited 1 branch of the dungeon, and saw 3 of its levels.
You also visited: Sewer.

You collected 67 gold pieces.

Inventory:

Hand Weapons
 a - a +1 dagger
 d - a +0 mace
 i - a +4 dagger of speed (weapon)
Armour
 b - a +1 robe
 f - a +0 cloak (worn)
 g - a +0 ring mail (worn)
 k - a +1 hat
Jewellery
 j - a ring of stealth (left hand)
Scrolls
 e - a scroll of magic mapping
 h - 2 scrolls of identify
 l - 2 scrolls of recharging
Books
 c - a book of Maledictions

   Spells                             Type                      Level
   a - Corona                         Hexes                        1
   b - Ensorcelled Hibernation        Hexes/Ice                    2
   c - Confuse                        Hexes                        3
   d - Tukima's Dance                 Hexes                        3
   e - Dazzling Spray                 Conjuration/Hexes            3


   Skills:
 + Level 2.9 Fighting
 - Level 0.7 Short Blades
 + Level 2.1 Armour
 + Level 3.3 Dodging
 - Level 2.4 Stealth
 - Level 2.0 Spellcasting
 - Level 2.6 Hexes


You had 7 spell levels left.
You knew the following spells:

 Your Spells              Type           Power        Failure   Level  Hunger
a - Corona                Hex            #......      21%         1    N/A

Dungeon Overview and Level Annotations

Branches:
Dungeon (3/15)

Altars:


Innate Abilities, Weirdness & Mutations

You do not eat or drink.
Your flesh is vulnerable to fire.
You are immune to poison.
Your flesh is cold resistant. (rC+)
You are immune to negative energy. (rN+++)
You are immune to unholy pain and torment.
You can survive without breathing.


Message History

The bullfrog is moderately wounded.
The bullfrog closely misses you. The adder barely misses you.
The ball python bites you but does no damage.
The ball python constricts you. The adder misses you.
The bullfrog closely misses you. The bullfrog hits you.
* * * LOW HITPOINT WARNING * * *
You hit the bullfrog.
The bullfrog is heavily wounded.
The adder bites you.
* * * LOW HITPOINT WARNING * * *
The adder barely misses you.
The bullfrog hits you but does no damage.
The ball python bites you but does no damage.
The ball python constricts you.
You aren't carrying any items that you can evoke.
Unknown command.
You hit the bullfrog.
The bullfrog is severely wounded.
The bullfrog barely misses you. The adder bites you.
You die...

#≈≈≈≈≈≈#####
#≈≈≈≈≈
#≈≈≈≈≈≈#
#≈≈≈≈≈
#≈≈≈≈≈≈#
#≈≈≈≈≈
#≈≈≈≈≈≈#
#≈≈≈≈≈
#≈≈≈≈≈≈#
#††≈≈≈
#≈≈≈≈≈≈#
##....
#≈§#≈≈≈#
#≈≈!.≈
#§SS≈≈≈#
##.≈..
#§@S≈≈≈#
#≈≈≈≈≈
#FF#≈≈≈#
#≈≈≈≈≈
#≈S≈≈≈≈#
#≈≈≈≈≈
#≈≈≈≈≈≈#
#≈≈≈≈≈
#≈≈≈≈≈≈#
#≈≈≈≈≈
#≈≈≈≈≈≈#
#≈≈≈≈≈
#≈≈≈#≈≈#
#≈≈≈≈≈
##.≈≈≈.#
#.≈.≈.
*S.....#****
#.....


You could see 2 bullfrogs, 2 adders and 2 ball pythons.

Vanquished Creatures
  Jessica (D:3)
  5 river rats
  7 adders
  An ooze (Sewer)
  3 worms
  A dart slug (D:3)
  3 leopard geckos
  4 orcs (D:3)
  3 giant cockroaches
  6 goblins
  4 hobgoblins
  4 jackals (D:2)
  A quokka (D:3)
  8 ball pythons (Sewer)
  2 bats
  A frilled lizard (Sewer)
  2 kobolds (D:1)
  26 rats
82 creatures vanquished.

Notes
Turn   | Place    | Note
-------+----------+-------------------------------------------
     0 | D:1      | vev the Mummy Enchanter began the quest for the Orb.
     0 | D:1      | Reached XP level 1. HP: 13/13 MP: 3/3
   623 | D:1      | Reached skill level 1 in Fighting
   778 | D:1      | Reached XP level 2. HP: 11/21 MP: 5/5
  1168 | D:2      | Reached skill level 2 in Dodging
  1603 | D:2      | Reached XP level 3. HP: 26/26 MP: 6/6
  1823 | D:3      | Noticed Jessica
  1830 | D:3      | Reached skill level 1 in Armour
  1836 | D:3      | Killed Jessica
  1836 | D:3      | Reached skill level 2 in Fighting
  1836 | D:3      | Reached XP level 4. HP: 25/33 MP: 7/7
  2194 | D:3      | Found a glowing drain.
  2209 | Sewer    | Entered a sewer
  2405 | Sewer    | Reached skill level 3 in Dodging
  2470 | Sewer    | Reached XP level 5. HP: 18/39 MP: 8/8
  2952 | Sewer    | Reached skill level 2 in Armour
  3449 | Sewer    | HP: 4/40 [ball python (1)]
  3451 | Sewer    | HP: 1/40 [adder (2)]
  3452 | Sewer    | Slain by an adder

Skill      XL: |  1  2  3  4  5 |
---------------+----------------+-----
Fighting       | 1 2 |  2.9
Dodging        | 2 3 |  3.3
Armour         | 1 2 |  2.1
Short Blades   | |  0.7
Stealth        | |  2.4
Spellcasting   | |  2.0
Hexes          | |  2.6

Action                   |  1- 3 |  4- 6 || total
-------------------------+-------+-------++-------
Melee: Mace              |    62 |       ||    62
       Dagger            |    41 |   212 ||   253
 Cast: Corona            |       |     1 ||     1
  Use: Scroll            |       |     3 ||     3
 Stab: Sleeping          |     2 |       ||     2
Armor: Robe              |    11 |       ||    11
       Ring mail         |    12 |    86 ||    98
Dodge: Dodged            |    64 |   119 ||   183
